 Dungeon Crawl Stone Soup version 0.20.1-1-g8b1a95d (console) character file.

385 hilaritas the Cutter (level 7, -13/69 HPs)
             Began as a Halfling Fighter on Feb 17, 2018.
             Mangled by an ogre
             ... wielding a +0 giant club
              (19 damage)
             ... on level 4 of the Dungeon.
             The game lasted 00:09:25 (3887 turns).

hilaritas the Cutter (Halfling Fighter)             Turns: 3887, Time: 00:09:26

Health: -13/69     AC: 23    Str: 24    XL:     7   Next: 6%
Magic:  7/7        EV:  3    Int:  6    God:
Gold:   196        SH:  8    Dex: 14    Spells: 4/6 levels left

rFire    . . .     SeeInvis .   a - +0 rapier
rCold    . . .     Gourm    .   p - +2 buckler
rNeg     + + +     Faith    .   (armour currently unavailable)
rPois    +         Spirit   .   (helmet currently unavailable)
rElec    .         Reflect  .   (cloak currently unavailable)
rCorr    .         Harm     .   (gloves currently unavailable)
MR       .....     NoTele   +   (boots currently unavailable)
Stlth    +.........             (no amulet)
Regen    0.3/turn               (no ring)
MPRegen  0.1/turn               (no ring)

@: mighty, tree-form
A: mutation resistance 1
a: no special abilities


You were on level 4 of the Dungeon.
You were not hungry.
You were a tree.
You visited 1 branch of the dungeon, and saw 4 of its levels.

You collected 196 gold pieces.

Inventory:

Hand Weapons
 a - a +0 rapier (weapon)
Armour
 b - a +0 scale mail (melded)
 c - a +0 shield
 i - a +1 cloak of poison resistance (melded)
 l - a +1 pair of boots (melded)
 p - a +2 buckler (worn)
Jewellery
 m - an uncursed ring of fire
 r - an uncursed amulet of magic regeneration
Scrolls
 e - a scroll of recharging
 h - 7 scrolls of identify
 o - a scroll of remove curse
Books
 s - a book of Air

   Spells                             Type                      Level
   a - Shock                          Conjuration/Air              1
   b - Swiftness                      Charms/Air                   2
   c - Static Discharge               Conjuration/Air              3
   d - Airstrike                      Air                          4
   e - Lightning Bolt                 Conjuration/Air              5
 t - a book of Changes

   Spells                             Type                      Level
   a - Beastly Appendage              Transmutation                1
   b - Sticks to Snakes               Transmutation                2
   c - Spider Form                    Transmutation/Poison         3
   d - Ice Form                       Ice/Transmutation            4
   e - Blade Hands                    Transmutation                5
Comestibles
 f - 4 bread rations
 j - 3 fruits
 k - 3 meat rations
 n - 2 royal jellies
 q - 5 chunks of flesh


   Skills:
 + Level 3.4 Fighting
 * Level 6.8 Short Blades
 - Level 3.2 Armour
 + Level 4.8 Shields


You had 4 spell levels left.
You knew the following spells:

 Your Spells              Type           Power        Failure   Level  Hunger
a - Swiftness             Chrm/Air       #.......     63%         2    ###....


Dungeon Overview and Level Annotations

Branches:
Dungeon (4/15)
 Temple: D:4-7

Altars:


Innate Abilities, Weirdness & Mutations

You are small and have problems with some larger weapons.
You are somewhat resistant to further mutation.


Message History

The orc throws a tomahawk.
The tomahawk hits you but does no damage.
Unknown command.
The orc throws a tomahawk.
The tomahawk hits you but does no damage.
Unknown command.
You hit the orc.
The orc is almost dead.
The orc hits you with a morningstar.
* * * LOW HITPOINT WARNING * * *
The orc throws a tomahawk.
The tomahawk hits you but does no damage.
An ogre comes into view. It is wielding a giant club.
You impale the orc!!
You kill the orc!
You cannot move.
You hit the ogre.
The ogre is moderately wounded.
The ogre hits you with a giant club!!
You die...

#...# #...# ######...##
#.##........... # #....
.......... #. #...#
.......... ..
###...#####.#...#.
#.###.......# #.#...#.
...........# #.#...#.
#.##...(....# #.#...#.
#..o.♣....# #.#.....
.?....O##...#####.......
#.###..............###.#
......####.......# #.#
.##.#.......####.# .# #
#.#..#...... #.# .# ..
#.#..#..... ##
#....####..# ...... ....
.##.... .....


You could see an ogre and an orc.

Vanquished Creatures
  Menkaure (D:4)
  A howler monkey (D:4)
  Crazy Yiuf (D:2)
  Terence (D:3)
  4 gnolls (D:2)
  7 adders
  2 worms
  3 dart slugs
  3 leopard geckos
  3 orcs (D:4)
  5 giant cockroaches
  9 goblins
  4 hobgoblins
  8 kobolds
  2 quokkas (D:3)
  A ball python (D:2)
  11 bats
  3 frilled lizards
  A jackal skeleton (D:4)
  6 rats
76 creatures vanquished.

Notes
Turn   | Place    | Note
-------+----------+-------------------------------------------
     0 | D:1      | hilaritas the Halfling Fighter began the quest for the Orb.
     0 | D:1      | Reached XP level 1. HP: 15/15 MP: 1/1
   154 | D:1      | Reached XP level 2. HP: 19/20 MP: 2/2
   865 | D:2      | Reached skill level 3 in Short Blades
   865 | D:2      | Reached XP level 3. HP: 26/26 MP: 3/3
  1320 | D:2      | Reached XP level 4. HP: 23/31 MP: 4/4
  1532 | D:2      | Reached skill level 4 in Short Blades
  1691 | D:2      | Reached XP level 5. HP: 36/36 MP: 5/5
  1859 | D:2      | Found a runed door.
  2191 | D:2      | Noticed Crazy Yiuf
  2194 | D:2      | HP: 1/36 [Crazy Yiuf/quarterstaff of chaos (19)]
  2199 | D:2      | Killed Crazy Yiuf
  2199 | D:2      | Reached skill level 5 in Short Blades
  3085 | D:3      | Noticed Terence
  3102 | D:3      | Killed Terence
  3102 | D:3      | Reached XP level 6. HP: 42/42 MP: 6/6
  3853 | D:4      | Learned a level 2 spell: Swiftness
  3856 | D:4      | Noticed Menkaure
  3866 | D:4      | HP: 6/63 [Menkaure (4)]
  3870 | D:4      | Killed Menkaure
  3870 | D:4      | Reached skill level 6 in Short Blades
  3871 | D:4      | Reached XP level 7. HP: 4/46 MP: 7/7
  3883 | D:4      | HP: 5/69 [orc/morningstar (1)]
  3887 | D:4      | Mangled by an ogre

Skill      XL: |  1  2  3  4  5  6 |
---------------+-------------------+-----
Fighting       | 3 |  3.4
Short Blades   | 3 4 5 6 |  6.8
Shields        | 4 |  4.8
Armour         | |  3.2

Action                   |  1- 3 |  4- 6 |  7- 9 || total
-------------------------+-------+-------+-------++-------
Melee: Rapier            |   107 |   230 |     3 ||   340
  Use: Scroll            |     5 |     3 |       ||     8
       Potion            |       |     4 |       ||     4
  Eat: Chunk             |     1 |     9 |       ||    10
Armor: Scale mail        |    34 |    61 |       ||    95
       Skin              |       |     7 |     2 ||     9
Dodge: Dodged            |    46 |    72 |     1 ||   119
Block: Shield            |    38 |    50 |       ||    88
       Buckler           |       |    48 |       ||    48
